 Dungeon Crawl Stone Soup version 0.29.1-12-g30fa7ad0bf (webtiles) character file.

Game seed: 15085045025277480221

635 Radix the Cudgeller (level 7, 0/41 HPs)
             Began as a Gargoyle Fighter on Dec 16, 2022.
             Slain by an orc warrior
             ... wielding a +0 trident
              (7 damage)
             ... on level 6 of the Dungeon.
             The game lasted 00:20:18 (5308 turns).

Radix the Cudgeller (Gargoyle Fighter)              Turns: 5308, Time: 00:20:21

Health: 0/41       AC: 17    Str: 20    XL:     7   Next: 50%
Magic:  11/11      EV:  7    Int: 10    God:
Gold:   237        SH:  4    Dex:  9    Spells: 12/12 levels left

rFire   . . .      SeeInvis .   a - +0 flail
rCold   . . .      Faith    .   c - +0 buckler
rNeg    + . .      Spirit   .   B - +0 chain mail
rPois   ∞          Reflect  .   h - +1 helmet
rElec   +          Harm     .   x - +0 cloak
rCorr   +          Rampage  .   (no gloves)
Will    .....                   (no boots)
Stlth   ..........              q - amulet of the acrobat
HPRegen 0.13/turn               t - ring of resist corrosion
MPRegen 0.12/turn               (no ring)

@: about to teleport, hasted, very quick
A: sickness immunity, AC +4, negative energy resistance 1, electricity
resistance, torment resistance 1, petrification resistance
a: no special abilities


You were on level 6 of the Dungeon.
You visited 1 branch of the dungeon, and saw 6 of its levels.

You collected 237 gold pieces.

Inventory:

Hand Weapons
 a - a +0 flail (weapon)
 v - a +0 morningstar
 C - the +6 trident of Beock {freeze, Fragile Str+4 Stlth+}
   (You found it on level 5 of the Dungeon)

   It freezes those it strikes, dealing additional cold damage.
   It can also slow down cold-blooded creatures.
   Str:       It affects your strength (+4).
   Fragile:   It will be destroyed if unequipped.
   Stlth:     It makes you more stealthy.
Missiles
 e - a throwing net (quivered)
Armour
 c - a +0 buckler (worn)
 h - a +1 helmet (worn)
 x - a +0 cloak (worn)
 B - a +0 chain mail (worn)
Jewellery
 q - an amulet of the acrobat (around neck)
 t - a ring of resist corrosion (left hand)
Scrolls
 f - 6 scrolls of teleportation
 k - a scroll of noise {unknown}
 l - 3 scrolls of poison {unknown}
 n - a scroll of butterflies {unknown}
 p - a scroll of fear {unknown}
 s - 2 scrolls of identify {unknown}
 u - a scroll of amnesia {unknown}
 y - 2 scrolls of immolation {unknown}
Potions
 b - a potion of ambrosia {unknown}
 d - 2 potions of might
 g - a potion of invisibility {unknown}
 i - a potion of lignification {unknown}
 j - a potion of resistance {unknown}
 m - 3 potions of haste
 o - a potion of cancellation {unknown}
 r - 2 potions of mutation {unknown}
 w - a potion of heal wounds {unknown}
 z - a potion of degeneration {unknown}
 A - 2 potions of curing


   Skills:
 - Level 3.2 Fighting
 - Level 6.3 Maces & Flails
 - Level 3.2 Armour
 - Level 3.2 Shields
 + Level 3.0 Spellcasting
 + Level 3.3 Fire Magic


You had 12 spell levels left.
You didn't know any spells.
Your spell library contained the following spells:

 Spells                   Type           Power      Damage    Failure   Level
 Foxfire                  Conj/Fire      16%        2x1d4     90%         1
 Sting                    Tmut/Pois      4%         1d3       98%         1
 Poisonous Vapours        Pois/Air       2%         N/A       99%         2
 Conjure Flame            Conj/Fire      4%         6-21      99%         3
 Inner Flame              Hex/Fire       4%         N/A       99%         3
 Flame Wave               Conj/Fire      4%         2d5       100%        4
 Olgreb's Toxic Radiance  Pois           1%         N/A       100%        4
 Summon Forest            Summ/Tloc      0%         N/A       100%        5
 Summon Mana Viper        Hex/Summ       1%         N/A       100%        5
 Summon Cactus Giant      Summ           0%         N/A       100%        6


Dungeon Overview and Level Annotations

Branches:
Dungeon (6/15)             Temple (0/1) D:6

Altars:
Nemelex Xobeh
Zin


Innate Abilities, Weirdness & Mutations

You are immune to sickness and miasma.
Your stone body is resilient. (AC +4)
You are immune to poison.
You resist negative energy. (rN+)
You are resistant to electric shocks. (rElec)
You are resistant to unholy torment.
You are immune to petrification.


Message History

The orc wizard flickers and vanishes!
There is a stone staircase leading up here.
You see here a +0 cloak.
Found an escape hatch in the ceiling.
You sock the jelly!
Your hands burn!
The jelly is heavily wounded.
You block the jelly's attack.
You sock the jelly!
You kill the jelly!
The orc warrior barely misses you.
Your Spellcasting skill increases to level 3!
You block the orc warrior's attack. Something hits you but does no damage.
You barely miss the orc warrior.
The orc warrior is lightly wounded.
You hear some strange, mumbled words.
You are confused.
You hear some strange, mumbled words.
A magic dart appears from out of thin air!
The magic dart hits you but does no damage.
The orc warrior hits you with a +0 trident!
* * * LOW HITPOINT WARNING * * *
Something hits you.
* * * LOW HITPOINT WARNING * * *
The orc warrior attacks as you move away!
The orc warrior barely misses you. The orc misses you.
The orc warrior closely misses you. Something closely misses you.
It was a potion of haste.
You feel yourself speed up. The orc hits you but does no damage.
The orc warrior hits you from afar with a +0 trident.
* * * LOW HITPOINT WARNING * * *
Something hits you but does no damage. Something hits you.
* * * LOW HITPOINT WARNING * * *
It was a potion of curing.
You feel better.
As you read the scroll of teleportation, it crumbles to dust.
You feel strangely unstable.
The orc hits you from afar with a +0 trident.
* * * LOW HITPOINT WARNING * * *
Something hits you but does no damage.
The orc warrior hits you from afar with a +0 trident!
You die...

#<.. ###
#..# ##..
#..# ##...
###..# #...#
##....#
##..##
#######....#
#..##
...........#
#..#
.........o.#
#.>#
....##@{..#
#..### ...
##{..#
##..#. .
#o..# ##...
#...# ##..
##.## #...
#.# #... #.
#.# #... #..
#.# #... #..
##{## #...


You could see an orc warrior and an orc.

Vanquished Creatures
  A centaur (D:5)
  A scorpion (D:6)
  A necrophage (D:5)
  A howler monkey (D:6)
  4 hounds
  A jelly (D:6)
  3 iguanas
  8 adders
  A shadow imp (D:5)
  An ufetubus (D:4)
  3 worms
  2 dart slugs
  2 orcs
  10 ball pythons
  5 endoplasms
  3 giant cockroaches
  4 goblins
  8 hobgoblins
  3 jackals (D:4)
  6 kobolds
  3 quokkas
  5 bats (D:1)
  3 frilled lizards (D:1)
  6 rats
85 creatures vanquished.

Notes
Turn   | Place    | Note
-------+----------+-------------------------------------------
     0 | D:1      | Radix the Gargoyle Fighter began the quest for the Orb.
     0 | D:1      | Reached XP level 1. HP: 14/14 MP: 1/1
   182 | D:1      | Reached XP level 2. HP: 19/19 MP: 2/2
   537 | D:1      | Reached skill level 3 in Maces & Flails
   899 | D:1      | Reached XP level 3. HP: 23/23 MP: 3/3
  1554 | D:2      | Found a faded altar of an unknown god.
  1864 | D:2      | Reached skill level 4 in Maces & Flails
  2256 | D:3      | Found a sparkling altar of Nemelex Xobeh.
  2264 | D:3      | Reached XP level 4. HP: 28/28 MP: 4/4
  2943 | D:4      | Reached skill level 5 in Maces & Flails
  2943 | D:4      | Reached XP level 5. HP: 24/32 MP: 5/5
  3399 | D:4      | Reached skill level 6 in Maces & Flails
  3399 | D:4      | Reached XP level 6. HP: 36/37 MP: 6/6
  4130 | D:5      | Entered Level 5 of the Dungeon
  4197 | D:5      | Identified the +6 trident of Beock {freeze, Fragile Str+4
                  | Stlth+}
  4355 | D:5      | Reached skill level 1 in Spellcasting
  4355 | D:5      | Reached skill level 1 in Fire Magic
  4743 | D:5      | Reached XP level 7. HP: 40/41 MP: 8/10
  4831 | D:5      | Found a glowing silver altar of Zin.
  5205 | D:6      | Found a staircase to the Ecumenical Temple.
  5308 | D:6      | Slain by an orc warrior

Illustrated notes

Levels and vault maps discovered:
D:1:      eino_arrival_druids_welcome, layout_basic
D:2:      layout_basic, basic_ecumenical_altar
D:3:      layout_rooms, mainiacjoe_overflow_concentric_impassable,
          serial_bayou_pond_a
D:4:      layout_cave_pods
D:5:      layout_gridville, mainiacjoe_overflow_six_doors_small
D:6:      layout_layer_cave, minmay_temple_entry_trees, minmay_door_square,
          serial_bayou_pond_e

Skill      XL: |  1  2  3  4  5  6  7 |
---------------+----------------------+-----
Maces & Flails | 3 4 5 6 |  6.3
Spellcasting   | 2 3 |  3.0
Fire Magic     | 2 3 |  3.3
Fighting       | |  3.2
Armour         | |  3.2
Shields        | |  3.2

Action                   |  1- 3 |  4- 6 |  7- 9 || total
-------------------------+-------+-------+-------++-------
Melee: Flail             |   133 |   210 |    37 ||   380
  Use: Scroll            |       |     1 |     1 ||     2
       Potion            |       |       |     2 ||     2
Armor: Scale mail        |    87 |    94 |       ||   181
       Chain mail        |       |    42 |    38 ||    80
Dodge: Dodged            |    87 |   142 |    18 ||   247
Block: Buckler           |    34 |    61 |     8 ||   103
